 Dungeon Crawl Stone Soup version 0.20.1-1-g8b1a95d (webtiles) character file.

96 raph the Chiller (level 4, -7/30 HPs)
             Began as a Barachi Ice Elementalist on July 31, 2017.
             Mangled by a gnoll
             ... wielding a +0 spear
              (8 damage)
             ... on level 3 of the Dungeon.
             The game lasted 00:06:59 (2746 turns).

raph the Chiller (Barachi Ice Elementalist)         Turns: 2746, Time: 00:06:59

Health: -7/30      AC:  8    Str: 10    XL:     4   Next: 67%
Magic:  2/9        EV: 12    Int: 16    God:
Gold:   111        SH:  0    Dex: 12    Spells: 3/9 levels left

rFire    . . .     SeeInvis .   m - +0 long sword
rCold    . . .     Gourm    .   (no shield)
rNeg     . . .     Faith    .   a - +0 robe
rPois    .         Spirit   .   (no helmet)
rElec    .         Reflect  .   (no cloak)
rCorr    .         Harm     .   (no gloves)
MR       .....                  i - +0 pair of boots
Stlth    ++........             (no amulet)
Regen    0.1/turn               (no ring)
MPRegen  0.2/turn               (no ring)

@: icy armour, can't hop, very slow
A: +LOS, swims, slowness 1, strong legs 1
a: Hop


You were on level 3 of the Dungeon.
You were not hungry.

You visited 1 branch of the dungeon, and saw 3 of its levels.

You collected 111 gold pieces.

Inventory:

Hand Weapons
 e - a +0 dagger
 m - a +0 long sword (weapon)
Armour
 a - a +0 robe (worn)
 i - a +0 pair of boots (worn)
Wands
 u - a wand of disintegration (10/24)
Scrolls
 f - a scroll of immolation {unknown}
 h - a scroll of remove curse {unknown}
 l - 5 scrolls of identify {unknown}
 n - a scroll of teleportation {unknown}
 o - a scroll of random uselessness {unknown}
 p - a scroll of recharging {unknown}
 s - a scroll of fog {unknown}
Potions
 d - a potion of brilliance {unknown}
 j - 3 potions of ambrosia {unknown}
 k - a potion of heal wounds {unknown}
 q - a potion of might {unknown}
 r - a potion of curing {unknown}
 t - a potion of mutation {unknown}
Books
 b - a book of Frost

   Spells                             Type                      Level
   a - Freeze                         Ice                          1
   b - Throw Frost                    Conjuration/Ice              2
   c - Ozocubu's Armour               Charms/Ice                   3
   d - Throw Icicle                   Conjuration/Ice              4
   e - Summon Ice Beast               Ice/Summoning                4
Comestibles
 c - a bread ration
 g - a fruit
 v - 5 chunks of flesh


   Skills:
 + Level 0.2 Fighting
 * Level 0.8 Long Blades
 + Level 2.5 Dodging
 + Level 1.9 Stealth
 + Level 0.2 Unarmed Combat
 + Level 3.4 Spellcasting
 + Level 1.1 Conjurations
 + Level 0.2 Charms
 + Level 4.7 Ice Magic


You had 3 spell levels left.
You knew the following spells:

 Your Spells              Type           Power        Failure   Level  Hunger
a - Freeze                Ice            ###.         2%          1    None
b - Throw Frost           Conj/Ice       ##....       9%          2    ##.....
c - Ozocubu's Armour      Chrm/Ice       ##......     19%         3    ###....


Dungeon Overview and Level Annotations

Branches:
Dungeon (3/15)

Altars:


Innate Abilities, Weirdness & Mutations

Shadows flee at your approach. (+LOS)
You can swim through water.
You cover ground slowly.
You can hop short distances.


Message History

Press: ? - help, Shift-Dir - straight line, f - gnoll
Aim: a gnoll, wielding a spear The puff of frost hits the gnoll.
The gnoll is heavily wounded.
Casting: Throw Frost
Confirm with . or Enter, or press ? or * to list all spells.
You can't see any susceptible monsters within range! (Use Z to cast anyway.)
The gnoll hits you from afar with a spear.
* * * LOW HITPOINT WARNING * * *
You see here a scale mail.
The gnoll hits you but does no damage. The gnoll closely misses you.
You closely miss the gnoll.
The gnoll is heavily wounded.
The gnoll hits you with a spear.
* * * LOW HITPOINT WARNING * * *
The gnoll hits you but does no damage.
You hit the gnoll.
The gnoll is moderately wounded.
The gnoll hits you with a spear!
You die...

#####.......#.###.##..........#
..............................#
g..####g...........)..........#
)..............#####.÷........#
....#...g##..#######..........#
......##.....##.).##..........#
#####....#†##..#.##..........#
#.##.#.#.......#.....##### #..
#.#.#..g@[.........## .
.#....g...........># .#
##.#.>......<......#
#.#...............#
#.#...............#
##.#...............#
####..##..)..........##
#####....####.....#.....##
#.......######.##########


You could see 2 gnolls.

Vanquished Creatures
  2 gnolls (D:3)
  An adder (D:2)
  An ooze (D:2)
  A worm (D:2)
  3 dart slugs
  A leopard gecko (D:3)
  5 bats
  2 giant cockroaches
  5 goblins
  10 hobgoblins
  3 jackals (D:2)
  8 kobolds
  5 frilled lizards
  4 rats
51 creatures vanquished.

Notes
Turn   | Place    | Note
-------+----------+-------------------------------------------
     0 | D:1      | raph the Barachi Ice Elementalist began the quest for the Orb.
     0 | D:1      | Reached XP level 1. HP: 13/13 MP: 3/3
   126 | D:1      | Reached XP level 2. HP: 19/19 MP: 1/5
   753 | D:1      | Reached skill level 4 in Ice Magic
  1010 | D:1      | Learned a level 2 spell: Throw Frost
  1086 | D:1      | Reached XP level 3. HP: 24/24 MP: 4/7
  1577 | D:2      | Learned a level 3 spell: Ozocubu's Armour
  2119 | D:2      | Reached XP level 4. HP: 30/30 MP: 7/9
  2745 | D:3      | HP: 1/30 [gnoll/spear (2)]
  2746 | D:3      | Mangled by a gnoll

Skill      XL: |  1  2  3 |
---------------+----------+-----
Ice Magic      | 4 |  4.7
Spellcasting   | 3 |  3.4
Fighting       | |  0.2
Long Blades    | |  0.8
Dodging        | |  2.5
Stealth        | |  1.9
Unarmed Combat | |  0.2
Conjurations   | |  1.1
Charms         | |  0.2

Action                   |  1- 3 |  4- 6 || total
-------------------------+-------+-------++-------
Melee: Unarmed           |    13 |       ||    13
       Dagger            |     6 |       ||     6
       Long sword        |     9 |     8 ||    17
 Cast: Freeze            |    51 |    16 ||    67
       Ozocubu's Armour  |     2 |     1 ||     3
       Throw Frost       |       |     4 ||     4
 Abil: Hop               |       |     1 ||     1
 Stab: Sleeping          |       |     2 ||     2
  Eat: Chunk             |     5 |     2 ||     7
Armor: Robe              |    24 |     5 ||    29
Dodge: Dodged            |    51 |    11 ||    62
       Rpst.: Long sword |     3 |     3 ||     6
